Map: Darkness Sanctuary LE

Players

Arcanine

  • Race: Protoss Protoss
  • League: Master
  • Spawn Location: 5:00

Starlord - Winner!

  • Race: Terran Terran
  • League: Master
  • Spawn Location: 11:00

VOD

Have the link to the VOD?

Description

Time

  • Played on: May 20, 2018, 11:03 p.m.
  • Length: 5:40
Show
View Real Time Build Order
Export as new Build Order

Arcanine Protoss 

Build Orders: 1 Gate Expand, Dark Templar Rush 

Get SALT Encoding   

  12  0:00  Probe  
  13  0:12  Probe  
  14  0:18  Pylon  
  14  0:24  Probe  
  15  0:32  Probe  
  15  0:40  Probe  
  16  0:42  Gateway  
  17  0:50  Assimilator  
  17  0:53  Probe  
  18  1:01  Probe  
  18  1:09  Probe  
  20  1:21  Probe  
  21  1:33  Nexus  
  21  1:44  Cybernetics Core  
  21  1:51  Pylon  
  21  1:55  Probe  
  22  2:01  Assimilator  
  22  2:07  Probe  
  23  2:11  Adept  
  23  2:19  Probe  
  26  2:23  Warp Gate  
  26  2:25  Robotics Facility  
  26  2:31  Probe  
  26  2:37  Pylon  
  27  2:41  Adept  
  29  2:44  Probe  
  29  2:47  Probe  
  31  2:56  Probe  
  32  2:59  Probe  
  32  3:05  Twilight Council  
  33  3:08  Probe  
  33  3:09  Adept  
  36  3:18  Warp Prism  
  38  3:21  Probe  
  38  3:23  Probe  
  40  3:40  Gateway  
  40  3:42  Dark Shrine  
  40  3:43  Gateway  
  40  3:49  Shield Battery  
  40  3:58  Gateway  
  40  4:01  Pylon  
  40  4:04  Gateway  
  40  4:07  Probe  
  44  4:31  Probe  
  41  4:39  Probe  
  42  4:46  Stalker  
  43  4:57  Stalker  
  42  5:12  Stalker  
  41  5:14  Stalker  
Show
View Real Time Build Order
Export as new Build Order

Starlord Terran - Winner!

Build Orders: Cyclone Opening, Reaper Expand 

Get SALT Encoding   

  12  0:02  SCV  
  13  0:14  SCV  
  13  0:19  Supply Depot  
  14  0:26  SCV  
  15  0:41  SCV  
  15  0:42  Barracks  
  16  0:46  Refinery  
  16  0:53  SCV  
  17  1:05  SCV  
  18  1:17  SCV  
  19  1:31  Orbital Command, Reaper  
  20  1:45  Command Center  
  20  1:54  Refinery  
  20  2:02  SCV  
  21  2:08  Factory  
  21  2:14  SCV  
  22  2:22  Barracks Reactor, Supply Depot  
  22  2:26  SCV  
  23  2:44  SCV  
  24  2:52  Cyclone  
  27  2:59  Starport  
  27  3:01  Marine x2  
  27  3:03  SCV  
  30  3:06  Orbital Command  
  30  3:17  SCV  
  30  3:19  Marine  
  33  3:24  Cyclone, Marine  
  36  3:31  SCV  
  36  3:34  Engineering Bay  
  37  3:37  Medivac  
  39  3:42  SCV  
  40  3:51  Supply Depot  
  40  3:53  Marine x2  
  42  4:02  Cyclone, Missile Turret  
  45  4:05  SCV  
  46  4:13  Marine x2  
  46  4:15  SCV  
  49  4:32  Viking  
  49  4:34  Cyclone  
  53  4:51  Marine  
  54  4:54  Barracks  
  54  4:56  Refinery, Barracks  
  54  4:58  Supply Depot  
  54  5:13  SCV  
  54  5:20  SCV  
  56  5:22  Supply Depot  
  56  5:25  SCV  
  56  5:26  Barracks  
Tags
 
Add a new tag
Caveats
  • Supply blocks, unpowered buildings, or Contaminate may cause inaccurate times.
  • Supply counts are checked every 10 seconds.